 Dungeon Crawl Stone Soup version 0.28-a0-991-g956f0ee3d5 (webtiles) character file.

Game seed: 1235446866534755578

12673 oldriver the Thaumaturge (level 11, -20/82 HPs)
             Began as a White Draconian Conjurer on Dec 4, 2021.
             Was an Elder of Vehumet.
             Demolished by a polar bear (22 damage)
             ... in an ice cave.
             The game lasted 00:29:53 (15440 turns).

oldriver the Thaumaturge (DrCj)                    Turns: 15440, Time: 00:29:54

Health: -20/82     AC: 15    Str:  7 (9)  XL:     11   Next: 65%
Magic:  1/27       EV: 12    Int: 27 (29) God:    Vehumet [****..]
Gold:   549        SH:  0    Dex:  8 (10) Spells: 14/35 levels left

rFire   . . .      SeeInvis .   x - staff of conjuration
rCold   + . .      Faith    .   (no shield)
rNeg    . . .      Spirit   .   (armour unavailable)
rPois   .          Reflect  .   m - +1 hat
rElec   .          Harm     .   k - +0 cloak
rCorr   .          Rampage  .   o - +0 pair of gloves
Will    .....                   u - +0 pair of boots
Stlth   ++........              (no amulet)
HPRegen 0.23/turn               b - +4 ring of protection
MPRegen 0.20/turn               D - +6 ring of intelligence

@: brilliant, flying
A: breathe frost, AC +7, unfitting armour, cold resistance 1, cold-blooded
a: Breathe Frost, Renounce Religion


You were in an ice cave.
You worshipped Vehumet.
Vehumet was greatly pleased with you.
You visited 2 branches of the dungeon, and saw 12 of its levels.
You also visited: Ossuary and Ice Cave.

You collected 549 gold pieces.

Inventory:

Hand Weapons
 c - a +3 dagger of electrocution
Armour
 k - a +0 cloak (worn)
 m - a +1 hat (worn)
 o - a +0 pair of gloves (worn)
 u - a +0 pair of boots (worn)
Magical Staves
 x - a staff of conjuration (weapon)
Jewellery
 b - a +4 ring of protection (left hand)
 v - a +4 ring of slaying
 D - a +6 ring of intelligence (right hand)
 E - a ring of positive energy
 G - a ring of protection from fire
 J - a +4 ring of protection
 K - an amulet of the acrobat
Wands
 w - a wand of flame (37)
 B - a wand of digging (5)
 H - a wand of acid (6)
Scrolls
 a - a scroll of silence
 d - 6 scrolls of identify
 e - a scroll of teleportation
 j - a scroll of enchant weapon
 p - 2 scrolls of enchant armour
 s - a scroll of vulnerability
Potions
 f - 4 potions of brilliance
 g - a potion of attraction {unknown}
 h - a potion of resistance {unknown}
 i - a potion of degeneration
 l - a potion of flight
 n - 2 potions of might {unknown}
 q - 4 potions of curing {unknown}
 r - a potion of magic {unknown}
 z - 2 potions of haste
 A - 2 potions of mutation {unknown}
 F - a potion of ambrosia {unknown}


   Skills:
 + Level 3.1 Fighting
 + Level 0.2 Short Blades
 + Level 1.9 Staves
 + Level 5.0 Dodging
 + Level 3.3 Stealth
 * Level 12.6 Spellcasting
 + Level 10.0 Conjurations
 + Level 2.4 Translocations
 + Level 0.3 Transmutations
 + Level 0.2 Fire Magic
 + Level 5.5 Ice Magic
 + Level 0.3 Air Magic
 + Level 1.1 Poison Magic
 + Level 1.2 Evocations


You had 14 spell levels left.
You knew the following spells:

 Your Spells              Type           Power      Damage    Failure   Level
a - Magic Dart            Conj           100%       1d8       1%          1
b - Searing Ray           Conj           100%       2d8       1%          2
c - Iskenderun's Mystic   Conj/Tloc      85%        2d17      1%          4
d - Fulminant Prism       Conj/Hex       39%        3d18      1%          4
e - Hailstorm             Conj/Ice       93%        3d18      1%          4
f - Mephitic Cloud        Conj/Pois/Air  71%        N/A       1%          3
g - Ignite Poison         Fire/Tmut/Pois 30%        N/A       2%          3

Your spell library contained the following spells:

 Spells                   Type           Power      Damage    Failure   Level
 Olgreb's Toxic Radiance  Pois           34%        N/A       5%          4
 Freeze                   Ice            100%       1d11      1%          1
 Dazzling Flash           Conj/Hex       100%       N/A       1%          3
 Frozen Ramparts          Ice            100%       1d12      1%          3
 Tukima's Dance           Hex            26%        N/A       10%         3
 Passage of Golubria      Tloc           45%        N/A       12%         4
 Yara's Violent Unravell  Hex/Tmut       13%        3d7       21%         5


Dungeon Overview and Level Annotations

Branches:
Dungeon (11/15)            Temple (1/1) D:4            Lair (0/6) D:11
Ossuary (visited)           IceCv (1/1)
    Orc: D:9-12

Altars:
Ashenzari
Cheibriados
Dithmenos
Elyvilon
Fedhas
Gozag
Hepliaklqana
Kikubaaqudgha
Makhleb
Nemelex Xobeh
Okawaru
Qazlal
Ru
Sif Muna
Trog
Uskayaw
Vehumet
Wu Jian
Xom
Yredelemnul
Zin
The Shining One

Annotations:
D:10 3 runed translucent doors, exclusion: orange crystal statue, Dvallin's ghost, journeyman KoFi; Jargonaut's ghost, journeyman DsVM; SirDiesAlot's ghost, journeyman MiFi; freelancePsychic's ghost, adept DjSu; karkarkar's ghost, novice HOAr


Innate Abilities, Weirdness & Mutations

You can breathe waves of freezing cold which knock back foes.
Your icy white scales are hard. (AC +7)
You cannot fit into any form of body armour.
Your flesh is cold resistant. (rC+)
You are cold-blooded and may be slowed by cold attacks.


Message History

The polar bear bites you but does no damage.
The polar bear claws you but does no damage.
The polar bear claws you.
* * * LOW HITPOINT WARNING * * *
It was a potion of brilliance.
You feel clever all of a sudden.
The wolf pauses to sniff the ground.
The wolf bites you.
* * * LOW HITPOINT WARNING * * *
The polar bear bites you!
* * * LOW HITPOINT WARNING * * *
The polar bear claws you but does no damage. x2
The wolf barely misses you.
Blink to where?
Press: ? - help, Dir - move target, p - polar bear
As you read the scroll of blinking, it crumbles to dust.
Okay, then.
It was a potion of degeneration.
There was something very wrong with that liquid.
You feel weakened.
You feel dopey.
You feel clumsy.
The polar bear rages.
It was a potion of flight.
You feel very buoyant.
You fly up into the air.
The polar bear bites you but does no damage.
The polar bear claws you.
* * * LOW HITPOINT WARNING * * *
The polar bear claws you but does no damage.
Casting: Searing Ray (safe; 1% risk of failure)
Confirm with . or Enter, or press ? or * to list all spells.
Aiming: Searing Ray (safe; 1% risk of failure)
Press: ? - help, Shift-Dir - straight line, f - polar bear
Aim: a polar bear (almost dead, berserk, 87% to hit)
You feel a strong surge of power!
The searing ray hits the polar bear.
The polar bear is almost dead. (Press . to maintain the ray.)
The wolf bites you.
* * * LOW HITPOINT WARNING * * *
The polar bear bites you!!
You die...

#####
##...##
##..∩..##
#.h.....#
#@h.∩...#
##.....##
##...##
#...#
##..†#
#...#
...##
...##


You could see a polar bear (berserk) and a wolf.

Vanquished Creatures
  4 two-headed ogres
  A gargoyle (D:8)
  A kobold demonologist (D:9)
  2 trolls
  2 shadows
  A wraith (D:8)
  A steam dragon (D:6)
  21 yaks
  6 vampire mosquitoes
  An acid dragon (D:9)
  2 water moccasins (D:7)
  A black bear (D:7)
  2 orc warriors
  A sky beast (D:6)
  2 ogres
  A necrophage (D:7)
  3 wolves
  3 centaurs (D:9)
  A phantom (D:4)
  4 kobold brigands
  6 bullfrogs
  2 elf zombies (Ossuary)
  4 scorpions
  A two-headed ogre simulacrum (D:11)
  17 killer bees
  3 wights (D:10)
  2 electric eels (D:11)
  5 centaur zombies
  A human zombie (Ossuary)
  A gnoll shaman (D:5)
  5 hounds
  2 jellies
  A centaur skeleton (D:5)
  2 orc priests (D:10)
  A bullfrog skeleton (D:4)
  5 iguanas
  2 orc wizards (D:10)
  A spriggan simulacrum (D:11)
  3 troll simulacra (D:11)
  A killer bee zombie (D:9)
  2 mummies (Ossuary)
  Robin (D:3)
  A howler monkey zombie (D:6)
  6 gnolls
  10 adders
  A shadow imp (D:6)
  A white imp (D:7)
  An ufetubus (D:5)
  2 adder zombies (Ossuary)
  2 worms
  5 dart slugs
  15 orcs
  8 ball pythons
  3 endoplasms
  6 giant cockroaches
  17 goblins
  9 hobgoblins
  5 jackals
  8 quokkas
  6 bats
  5 frilled lizards
  10 hobgoblin zombies (Ossuary)
  2 jackal zombies (Ossuary)
  27 kobolds
  7 kobold zombies (Ossuary)
  8 orc zombies (Ossuary)
  5 rats
  3 rat zombies (Ossuary)
  3 fulminant prisms
304 creatures vanquished.

Vanquished Creatures (others)
  9 fulminant prisms
  19 plants
28 creatures vanquished.

Grand Total: 332 creatures vanquished

Notes
Turn   | Place    | Note
-------+----------+-------------------------------------------
     0 | D:1      | oldriver the Draconian Conjurer began the quest for the
                  | Orb.
     0 | D:1      | Reached XP level 1. HP: 14/14 MP: 3/3
   312 | D:1      | Reached XP level 2. HP: 20/20 MP: 0/5
   484 | D:1      | Found a faded altar of an unknown god.
  1415 | D:2      | Reached XP level 3. HP: 26/26 MP: 4/6
  1936 | D:2      | Learned a level 2 spell: Searing Ray
  2013 | D:2      | Reached XP level 4. HP: 33/33 MP: 5/8
  2077 | D:3      | Reached skill level 3 in Spellcasting
  2092 | D:2      | Reached skill level 5 in Conjurations
  2342 | D:3      | Found a sacrificial altar of Ru.
  3241 | D:3      | Reached XP level 5. HP: 38/38 MP: 7/10
  3251 | D:3      | Learned a level 4 spell: Iskenderun's Mystic Blast
  3256 | D:3      | Learned a level 4 spell: Fulminant Prism
  3594 | D:3      | Identified the +2 helmet of Articulation {Str+2}
  3594 | D:3      | Noticed Robin
  3607 | D:3      | Killed Robin
  3608 | D:3      | Reached skill level 4 in Spellcasting
  3904 | D:4      | Noticed an ogre
  4114 | D:4      | Reached XP level 6. HP: 45/45 MP: 0/13
  4214 | D:4      | Found a blossoming altar of Fedhas.
  4327 | D:4      | Reached skill level 5 in Spellcasting
  4632 | D:4      | Found an iron altar of Okawaru.
  4684 | D:4      | Found a sparkling altar of Nemelex Xobeh.
  4750 | D:4      | Found a staircase to the Ecumenical Temple.
  4816 | Temple   | Entered the Ecumenical Temple
  5095 | Temple   | Became a worshipper of Vehumet
  5191 | D:5      | Entered Level 5 of the Dungeon
  5559 | D:5      | Your scales start taking on an icy white colour.
  5559 | D:5      | Reached XP level 7. HP: 19/50 MP: 4/15
  5559 | D:5      | Gained mutation: Your flesh is cold resistant. (rC+) [White
                  | Draconian growth]
  5859 | D:5      | Reached skill level 6 in Spellcasting
  7010 | D:6      | Reached skill level 7 in Spellcasting
  7010 | D:6      | Reached XP level 8. HP: 58/58 MP: 11/18
  7431 | D:6      | Learned a level 4 spell: Hailstorm
  7524 | D:6      | Found an ancient bone altar of Kikubaaqudgha.
  7823 | D:7      | Found a sand-covered staircase.
  7828 | Ossuary  | Entered an ossuary
  7992 | Ossuary  | Reached * piety under Vehumet
  7992 | Ossuary  | Offered knowledge of Shock by Vehumet.
  8302 | Ossuary  | Reached skill level 8 in Spellcasting
  8326 | Ossuary  | Reached skill level 1 in Ice Magic
  8855 | Ossuary  | Reached skill level 1 in Fighting
  9197 | D:7      | Reached XP level 9. HP: 60/67 MP: 16/21
  9296 | D:7      | Found an opulent altar of Gozag.
  9307 | D:7      | Reached skill level 1 in Evocations
  9362 | D:7      | Reached ** piety under Vehumet
  9468 | D:7      | Offered knowledge of Poisonous Vapours by Vehumet.
  9526 | D:7      | Found a stormy altar of Qazlal.
  9679 | D:7      | Reached skill level 1 in Staves
  9939 | D:8      | Found a glowing golden altar of the Shining One.
  9940 | D:8      | Found an ornate altar of the Wu Jian Council.
  9976 | D:8      | Found a shimmering altar of Xom.
 10191 | D:8      | Reached skill level 1 in Translocations
 10300 | D:8      | Found a basalt altar of Yredelemnul.
 10596 | D:8      | Reached skill level 9 in Spellcasting
 10795 | D:8      | Reached XP level 10. HP: 47/74 MP: 18/23
 11069 | D:8      | Noticed a two-headed ogre
 11073 | D:8      | Killed a two-headed ogre
 11188 | D:8      | Noticed a gargoyle
 11195 | D:8      | Killed a gargoyle
 11196 | D:8      | Reached skill level 10 in Spellcasting
 11555 | D:9      | Offered knowledge of Ignite Poison by Vehumet.
 11556 | D:9      | Reached skill level 5 in Ice Magic
 11560 | D:9      | Learned a level 3 spell: Ignite Poison
 12095 | D:9      | Identified the +11 long sword of Pookuo {drain, *Slow Will+
                  | Str+3 Dex+4}
 12380 | D:9      | Reached *** piety under Vehumet
 12381 | D:9      | Reached skill level 11 in Spellcasting
 13182 | D:10     | Entered Level 10 of the Dungeon
 13348 | D:10     | Noticed a two-headed ogre
 13355 | D:10     | Killed a two-headed ogre
 13356 | D:10     | Reached XP level 11. HP: 81/81 MP: 13/26
 13417 | D:10     | Offered knowledge of Mephitic Cloud by Vehumet.
 13645 | D:10     | Reached skill level 5 in Dodging
 13695 | D:10     | Noticed a two-headed ogre
 13700 | D:10     | Killed a two-headed ogre
 13774 | D:10     | Noticed an orange crystal statue
 14197 | D:10     | Found a runed translucent gate.
 14197 | D:10     | Found a runed translucent gate.
 14197 | D:10     | Found a runed translucent gate.
 14201 | D:10     | Noticed Dvallin's ghost (journeyman KoFi)
 14201 | D:10     | Noticed freelancePsychic's ghost (adept DjSu)
 14204 | D:10     | Noticed SirDiesAlot's ghost (journeyman MiFi)
 14204 | D:10     | Noticed karkarkar's ghost (novice HOAr)
 14204 | D:10     | Noticed Jargonaut's ghost (journeyman DsVM)
 14308 | D:10     | Upgraded the game from 0.28-a0-984-g3775c662fe to
                  | 0.28-a0-991-g956f0ee3d5
 14316 | D:10     | Learned a level 3 spell: Mephitic Cloud
 14715 | D:11     | Noticed a two-headed ogre
 14723 | D:11     | Killed a two-headed ogre
 14724 | D:11     | Reached skill level 12 in Spellcasting
 15029 | D:11     | Found a staircase to the Lair.
 15313 | D:11     | Reached **** piety under Vehumet
 15314 | D:11     | Reached skill level 10 in Conjurations
 15314 | D:11     | Reached skill level 1 in Poison Magic
 15315 | D:11     | Found a frozen archway.
 15326 | D:11     | Offered knowledge of Olgreb's Toxic Radiance by Vehumet.
 15409 | IceCv    | Entered an ice cave
 15440 | IceCv    | HP: 2/82 [wolf (4)]
 15440 | IceCv    | Demolished by a polar bear

Illustrated notes

Levels and vault maps discovered:
D:1:      dpeg_arrival_court, layout_loops_corners,
          shapermc_ecumenical_altar_starsandcircs, minmay_misc_feat_rows
D:2:      layout_rooms, minmay_splitting_lines, minmay_close_crescents
D:3:      kennysheep_goblin_castle, layout_basic, nicolae_ru_awakened_eye
D:4:      layout_loops_cross, minitemple, mainiacjoe_overflow_catwalk,
          minmay_temple_entry_nine_rooms, st_stairs_13, amcnicky_mini_pool_small
D:5:      layout_basic, uniq_edmund
D:6:      layout_cave_pools, general_overflow_altar, st_stairs_12,
          kennysheep_nondescript
D:7:      layout_loops_ring, kennysheep_little_box, grunt_gozag_statues,
          enter_ossuary_2, minmay_misc_feat_x, serial_bayou_pond_c,
          nicolae_underground_beach
D:8:      layout_basic, nicolae_overflow_squiral,
          mainiacjoe_overflow_tiny_flanked, mainiacjoe_overflow_six_doors_small,
          wad_mini_maze
D:9:      layout_basic, minmay_misc_feat_ornament
D:10:     layout_irregular_city, gammafunk_ghost_cemetery, minivault_23,
          minivault_16, kennysheep_boxes
D:11:     layout_cave_pools, erik_lair_island,
          portal_ice_cave_entry_ice_simulacra, mrwooster_statue_mirror,
          kennysheep_small_square
Temple:   minmay_temple_curvy_loop
IceCv:    ice_cave_small_giant

Skill      XL: |  1  2  3  4  5  6  7  8  9 10 11 |
---------------+----------------------------------+-----
Stealth        | 2 3 |  3.3
Spellcasting   | 3 4 5 7 8 9 11 12 | 12.6
Conjurations   | 5 6 7 8 9 10 | 10.0
Dodging        | 2 3 4 5 |  5.0
Ice Magic      | 3 4 5 |  5.5
Fighting       | 1 2 3 |  3.1
Evocations     | 1 |  1.2
Staves         | 1 |  1.9
Translocations | 1 2 |  2.4
Poison Magic   | 1 |  1.1
Short Blades   | |  0.2
Transmutations | |  0.3
Fire Magic     | |  0.2
Air Magic      | |  0.3

Action                   |  1- 3 |  4- 6 |  7- 9 | 10-12 || total
-------------------------+-------+-------+-------+-------++-------
Melee: Dagger            |       |    12 |     3 |       ||    15
       Tailslap          |       |     2 |     3 |       ||     5
       Staff             |       |       |    32 |    18 ||    50
 Cast: Magic Dart        |    83 |   173 |   287 |    71 ||   614
       Searing Ray       |       |     7 |    32 |    33 ||    72
       Iskenderun's Myst |       |       |     2 |    28 ||    30
       Hailstorm         |       |       |     1 |    44 ||    45
       Fulminant Prism   |       |       |     1 |    11 ||    12
       Mephitic Cloud    |       |       |       |     7 ||     7
       Ignite Poison     |       |       |       |     6 ||     6
  Use: Scroll            |       |       |     4 |     9 ||    13
       Potion            |       |       |       |     3 ||     3
Armor: Skin              |     3 |    17 |   137 |    69 ||   226
Dodge: Dodged            |     5 |    24 |   148 |    58 ||   235

Table legend: (Time is in decaauts)
 A = Elapsed time spent in this place.
 B = Non-inter-level travel time spent in this place.
 C = Inter-level travel time spent in this place.
 D = Time resting spent in this place.
 E = Time spent auto-exploring this place.
 F = Levels seen in this place.
 G = Mean time per level.
                   A        B        C        D        E       F      G
               +--------+--------+--------+--------+--------+-----+--------+
         Total |  15464 |  14956 |    508 |   3379 |   9409 |  14 | 1104.6 |
       Dungeon |  13924 |  13486 |    438 |   3027 |   8821 |  11 | 1265.8 |
        Temple |    308 |    238 |     70 |      0 |    234 |   1 |  308.0 |
       Ossuary |   1199 |   1199 |      0 |    352 |    354 |   1 | 1199.0 |
      Ice Cave |     31 |     31 |      0 |      0 |      0 |   1 |   31.0 |
               +--------+--------+--------+--------+--------+-----+--------+

Top non-repeatable levels by time:
     D:9: 1928 daAuts
     D:8: 1694 daAuts
     D:3: 1478 daAuts
    D:10: 1313 daAuts
     D:4: 1311 daAuts
     D:1: 1218 daAuts
     D:5: 1204 daAuts
 Ossuary: 1199 daAuts
     D:6: 1154 daAuts
     D:2: 1126 daAuts
     D:7: 926 daAuts
    D:11: 568 daAuts
  Temple: 308 daAuts
   IceCv: 31 daAuts
